 Dungeon Crawl Stone Soup version 0.20.1-1-g8b1a95d (webtiles) character file.

20698 polve the Basher (level 12, -4/100 HPs)
             Began as a Demonspawn Berserker on July 6, 2017.
             Was a High Priest of Trog.
             Slain by a manticore (12 damage)
             ... on level 3 of the Lair of Beasts.
             The game lasted 00:15:31 (15813 turns).

polve the Basher (Demonspawn Berserker)            Turns: 15813, Time: 00:15:31

Health: -4/100     AC: 16    Str: 22    XL:     12   Next: 47%
Magic:  0/12       EV:  8    Int: 12    God:    Trog [*****.]
Gold:   889        SH:  0    Dex: 14    Spells: 11/11 levels left

rFire    . . .     SeeInvis .   a - +1 whip (elec)
rCold    . . .     Gourm    .   (no shield)
rNeg     . . .     Faith    +   z - +0 plate armour
rPois    .         Spirit   +   (no helmet)
rElec    .         Reflect  .   q - +2 cloak
rCorr    .         Harm     .   r - +0 pair of gloves
MR       ++...                  (boots unavailable)
Stlth    ..........             C - amulet of faith
Regen    1.3/turn               (no ring)
MPRegen  0.3/turn               (no ring)

@: barbed spikes, berserk cooldown, regenerating, slowed, very slow
A: hooves 3, yellow scales 1, clever 1, deformed body, strong 1, magic shield,
magic regeneration, no potion heal 2, rot immunity
a: Berserk, Trog's Hand, Brothers in Arms, Burn Spellbooks, Renounce Religion


You were on level 3 of the Lair of Beasts.
You worshipped Trog.
Trog was extremely pleased with you.
You were near starving.

You visited 2 branches of the dungeon, and saw 15 of its levels.

You collected 889 gold pieces.

Inventory:

Hand Weapons
 a - a +1 whip of electrocution (weapon)
 b - a +4 antimagic great mace
Armour
 q - a +2 cloak (worn)
 r - a +0 pair of gloves (worn)
 z - a +0 plate armour (worn)
Jewellery
 C - an amulet of faith (around neck)
Wands
 A - a wand of random effects (27/48)
 G - a wand of acid (9/15)
Scrolls
 g - 3 scrolls of fog {unknown}
 k - 8 scrolls of teleportation
 l - 2 scrolls of magic mapping {unknown}
 o - 5 scrolls of blinking {unknown}
 s - 4 scrolls of recharging
 v - a scroll of holy word {unknown}
 w - 9 scrolls of remove curse
 x - a scroll of vulnerability {unknown}
 y - 3 scrolls of fear {unknown}
 B - a scroll of enchant weapon {unknown}
 D - 4 scrolls of enchant armour
 E - a scroll of amnesia {unknown}
 I - 3 scrolls of identify
Potions
 d - a potion of ambrosia {unknown}
 f - 3 potions of brilliance
 h - 2 potions of curing
 i - 2 potions of flight {unknown}
 m - 2 potions of magic {unknown}
 n - 3 potions of haste
 u - 2 potions of might
 F - 3 potions of heal wounds
 J - a potion of invisibility
Books
 t - a Young Poisoner's Handbook

   Spells                             Type                      Level
   a - Sting                          Conjuration/Poison           1
   b - Poisonous Vapours              Poison/Air                   2
   c - Mephitic Cloud                 Conjuration/Poison/Air       3
   d - Olgreb's Toxic Radiance        Poison                       4
   e - Venom Bolt                     Conjuration/Poison           5
   Trog disapproves of the use of such an item.
Comestibles
 c - 8 bread rations
 e - 13 fruits
 j - 5 meat rations
 p - 8 royal jellies


   Skills:
 + Level 11.4 Fighting
   Level 3.2 Long Blades
 + Level 12.7 Maces & Flails
 - Level 10.0 Armour
 - Level 1.7 Dodging


You had 11 spell levels left.
You didn't know any spells.

Dungeon Overview and Level Annotations

Branches:
Dungeon (12/15)            Temple (0/1) D:4            Lair (3/6) D:10
  Snake (0/4) Lair:3
  Swamp: Lair:2-4    Shoals: Lair:2-4       Orc: D:9-12

Altars:
Cheibriados
Dithmenos
Nemelex Xobeh
Vehumet
Xom

Shops:
D:5 :   D:7 ?   D:11 :

Annotations:
Lair:1 exclusion: 2 oklob plants


Innate Abilities, Weirdness & Mutations

You have hooves in place of feet.
When hurt, damage is shared between your health and your magic reserves.
You regenerate magic rapidly.
You are immune to rotting.
You are partially covered in yellow scales. (AC +2)
Your mind is acute. (Int +2)
Armour fits poorly on your strangely shaped body.
Your muscles are strong. (Str +2)
Potions are poor at restoring your health.


Message History

The volley of spikes hits you!
Things that are here:
5 chunks of flesh; a hippogriff skeleton The barbs in your skin will harm you if you move.
Continue?
Okay, then.
You feel your anger subside.
You are no longer berserk.
You are exhausted.
You feel yourself slow down.
You barely miss the manticore. Your kick misses the manticore.
The manticore barely misses you.
The manticore claws you but does no damage. x2
You closely miss the manticore.
Your skin crawls.
You feel resistant to hostile enchantments.
You are near starving!
The manticore closely misses you. The manticore claws you!
* * * LOW HITPOINT WARNING * * *
The manticore claws you but does no damage.
The manticore bites you!!
You die...

..# ##....>#...##........#
..# #......#.###......... .?
##....#### #......... #.#
##....# #......... . #
..###.†..## #......... #.#.
..##.....# #.........
#...##.###....####.#.#.....
..##..†.###....#.#..####...#
#....†.†.#@........#####...
..##..#...H...........##...#
#..##.....#........#####...
..##..#.#.##........# #..# #
....#.............# #..+
.... ..............# ##..#
###....##.⌠........# #P...
###... ..........# #.P.. ###
..........####.P..


You could see a manticore.

Vanquished Creatures
  2 hydras
  3 death yaks (Lair:1)
  The ghost of tmwrnj the Cleaver, a novice HOFi of Beogh (D:10)
  Erica (D:9)
  A two-headed ogre (D:10)
  An unseen horror (D:10)
  Pikel (D:7)
  The ghost of vishdafish the Covered, a novice GrFi (D:6)
  Maurice (D:10)
  4 spiny frogs
  A black mamba (Lair:1)
  2 komodo dragons (Lair:2)
  A rime drake (Lair:1)
  A troll (D:9)
  Prince Ribbit (D:7)
  4 hippogriffs
  16 yaks
  A wyvern (Lair:1)
  A hungry ghost (D:11)
  Grum (D:8)
  3 nagas (Lair:3)
  6 porcupines
  3 water moccasins
  3 orc warriors
  4 slaves (D:7)
  6 phantoms
  4 sky beasts
  2 wolves (D:8)
  2 ice beasts
  A necrophage (D:7)
  8 ogres
  4 crocodiles
  4 centaurs
  A big kobold (D:10)
  10 bullfrogs
  A water moccasin zombie (D:6)
  A wyvern skeleton (D:6)
  A scorpion (D:9)
  11 killer bees
  8 wights
  A bullfrog zombie (D:5)
  7 crimson imps
  3 centaur zombies
  7 hounds
  A bullfrog skeleton (D:10)
  An orc priest (D:7)
  A gnoll shaman (D:9)
  2 jellies
  2 centaur skeletons (D:4)
  Crazy Yiuf (D:3)
  6 iguanas
  11 orc wizards
  8 worker ants
  A hound zombie (D:10)
  Robin (D:3)
  8 gnolls
  3 adders
  4 shadow imps
  3 oozes
  2 adder zombies
  2 worms (D:3)
  5 dart slugs
  9 leopard geckos
  26 orcs
  3 ball pythons
  7 bats
  6 giant cockroaches
  13 goblins
  20 hobgoblins
  15 jackals
  2 quokkas
  7 frilled lizards
  A jackal skeleton (D:4)
  13 kobolds
  A quokka skeleton (D:6)
  A quokka zombie (D:7)
  9 rats
  3 plants (D:10)
344 creatures vanquished.

Vanquished Creatures (others)
  A fungus (Lair:1)
  3 plants
4 creatures vanquished.

Grand Total: 348 creatures vanquished

Notes
Turn   | Place    | Note
-------+----------+-------------------------------------------
     0 | D:1      | polve the Demonspawn Berserker began the quest for the Orb.
     0 | D:1      | Reached XP level 1. HP: 18/18 MP: 1/1
   108 | D:1      | Gained mutation: You have large cloven feet. [demonic ancestry]
   108 | D:1      | Reached XP level 2. HP: 22/24 MP: 2/2
   615 | D:1      | Reached skill level 1 in Maces & Flails
   669 | D:1      | Gained mutation: You have hoof-like feet. [demonic ancestry]
   669 | D:1      | Reached XP level 3. HP: 29/29 MP: 3/3
  1288 | D:2      | Reached ** piety under Trog
  1421 | D:2      | Reached skill level 2 in Maces & Flails
  2054 | D:3      | Gained mutation: When hurt, damage is shared between your health and your magic reserves. [demonic ancestry]
  2054 | D:3      | Reached XP level 4. HP: 27/35 MP: 4/4
  2491 | D:3      | Reached skill level 3 in Maces & Flails
  2499 | D:3      | Gained mutation: You regenerate magic rapidly. [demonic ancestry]
  2499 | D:3      | Reached XP level 5. HP: 11/41 MP: 1/5
  2501 | D:3      | Reached skill level 4 in Maces & Flails
  2518 | D:3      | HP: 1/41 [gnoll/spear (4)]
  2956 | D:3      | Noticed Robin
  2967 | D:3      | Killed Robin
  2968 | D:3      | Reached *** piety under Trog
  3522 | D:3      | Found a runed door.
  3526 | D:3      | Noticed Crazy Yiuf
  3531 | D:3      | Killed Crazy Yiuf
  3531 | D:3      | Reached XP level 6. HP: 40/47 MP: 3/6
  3757 | D:4      | Reached skill level 5 in Maces & Flails
  4178 | D:4      | Found a staircase to the Ecumenical Temple.
  4394 | D:4      | Reached skill level 6 in Maces & Flails
  4754 | D:5      | Entered Level 5 of the Dungeon
  4783 | D:5      | Reached XP level 7. HP: 39/52 MP: 3/7
  4962 | D:5      | Found a shadowy altar of Dithmenos.
  4968 | D:5      | Gained mutation: You are clumsy. (Dex -2) [mutagenic meat]
  4969 | D:5      | Gained mutation: Your muscles are strong. (Str +2) [mutagenic meat]
  4970 | D:5      | Lost mutation: Your muscles are strong. (Str +2) [mutagenic meat]
  4971 | D:5      | Gained mutation: Scrolls take you a little longer to read. [mutagenic meat]
  4972 | D:5      | Gained mutation: Your system is resistant to poisons. (rPois) [mutagenic meat]
  4997 | D:5      | Found Fuihivan's Book Shop.
  5012 | D:5      | Reached skill level 7 in Maces & Flails
  5016 | D:5      | Gained mutation: You are weak. (Str -2) [mutagenic meat]
  5017 | D:5      | Gained mutation: You have a pair of small antennae on your head. [mutagenic meat]
  5018 | D:5      | Gained mutation: Your spells are a little easier to cast, but a little less powerful. [mutagenic meat]
  5019 | D:5      | Gained mutation: You are very weak. (Str -4) [mutagenic meat]
  5252 | D:5      | Reached **** piety under Trog
  5460 | D:5      | Lost mutation: You are clumsy. (Dex -2) [potion of mutation]
  5460 | D:5      | Lost mutation: You have a pair of small antennae on your head. [potion of mutation]
  5460 | D:5      | Lost mutation: Scrolls take you a little longer to read. [potion of mutation]
  5460 | D:5      | Lost mutation: You are very weak. (Str -4) [potion of mutation]
  5460 | D:5      | Lost mutation: You are weak. (Str -2) [potion of mutation]
  5460 | D:5      | Gained mutation: You possess an exceptional clarity of mind. [potion of mutation]
  5460 | D:5      | Gained mutation: Potions are less effective at restoring your health. [potion of mutation]
  5460 | D:5      | Gained mutation: You have hooves in place of feet. [potion of mutation]
  5475 | D:5      | Reached skill level 8 in Maces & Flails
  5479 | D:5      | Gained mutation: You are partially covered in yellow scales. (AC +2) [mutagenic meat]
  5990 | D:5      | Found a radiant altar of Vehumet.
  5991 | D:5      | Found a sparkling altar of Nemelex Xobeh.
  6036 | D:6      | Gained mutation: You are immune to rotting. [demonic ancestry]
  6036 | D:6      | Reached XP level 8. HP: 54/58 MP: 8/8
  6117 | D:6      | Noticed vishdafish's ghost (novice GrFi)
  6130 | D:6      | Killed vishdafish's ghost
  6130 | D:6      | Reached skill level 9 in Maces & Flails
  6487 | D:6      | Reached skill level 10 in Maces & Flails
  7001 | D:6      | Reached XP level 9. HP: 31/63 MP: 3/9
  7399 | D:7      | Reached skill level 11 in Maces & Flails
  7404 | D:7      | Found a shimmering altar of Xom.
  7583 | D:7      | Noticed Prince Ribbit
  7589 | D:7      | Killed Prince Ribbit
  7711 | D:7      | Found Beto's Magic Scroll Shoppe.
  7715 | D:7      | Reached ***** piety under Trog
  7743 | D:7      | Noticed Pikel
  7935 | D:7      | Killed Pikel
  7935 | D:7      | Reached skill level 12 in Maces & Flails
  8663 | D:8      | Mutation became permanent: You have hoof-like feet. [demonic ancestry]
  8663 | D:8      | Gained mutation: You have hooves in place of feet. [demonic ancestry]
  8663 | D:8      | Reached XP level 10. HP: 63/71 MP: 8/10
  8886 | D:8      | Noticed Grum
  8918 | D:8      | Killed Grum
  9301 | D:8      | Reached skill level 5 in Fighting
  9610 | D:9      | Gained mutation: You have a pair of small horns on your head. [mutagenic meat]
  9613 | D:9      | Gained mutation: Your body sometimes deteriorates upon taking damage. [mutagenic meat]
  9614 | D:9      | Gained mutation: Potions are poor at restoring your health. [mutagenic meat]
  9755 | D:9      | You fall through a shaft for 3 floors!
  9784 | D:12     | Reached skill level 5 in Armour
 10053 | D:11     | Found Lobocvoe's Book Boutique.
 10109 | D:10     | Entered Level 10 of the Dungeon
 10333 | D:10     | Noticed tmwrnj's ghost (novice HOFi)
 10346 | D:10     | Killed tmwrnj's ghost
 10467 | D:9      | Found a snail-covered altar of Cheibriados.
 10634 | D:9      | Noticed Erica
 10649 | D:9      | Killed Erica
 10649 | D:9      | Reached XP level 11. HP: 78/84 MP: 11/11
 11188 | D:9      | Received a gift from Trog
 11437 | D:10     | Killed an unseen horror
 11792 | D:10     | Found a staircase to the Lair.
 11877 | D:10     | Noticed a two-headed ogre
 11884 | D:10     | Killed a two-headed ogre
 11994 | D:10     | Noticed Maurice
 12008 | D:10     | Killed Maurice
 12391 | Lair:1   | Entered Level 1 of the Lair of Beasts
 13065 | Lair:1   | Noticed a six-headed hydra
 13072 | Lair:1   | Killed a six-headed hydra
 13219 | Lair:1   | Noticed an oklob plant
 13219 | Lair:1   | Noticed an oklob plant
 13494 | Lair:1   | Noticed a death yak
 13495 | Lair:1   | Noticed a death yak
 13496 | Lair:1   | Noticed a death yak
 13516 | Lair:1   | Killed a death yak
 13516 | Lair:1   | Reached skill level 10 in Fighting
 13522 | Lair:1   | Killed a death yak
 13530 | Lair:1   | Killed a death yak
 13530 | Lair:1   | Reached XP level 12. HP: 88/98 MP: 10/12
 13818 | Lair:2   | Noticed a seven-headed hydra
 13826 | Lair:2   | Killed a seven-headed hydra
 14817 | Lair:3   | Reached skill level 10 in Armour
 14864 | Lair:3   | Found a staircase to the Snake Pit.
 15095 | Lair:3   | Received a gift from Trog
 15108 | Lair:3   | Reached ****** piety under Trog
 15470 | Lair:3   | Lost mutation: Your spells are a little easier to cast, but a little less powerful. [potion of mutation]
 15470 | Lair:3   | Lost mutation: You possess an exceptional clarity of mind. [potion of mutation]
 15470 | Lair:3   | Lost mutation: You have a pair of small horns on your head. [potion of mutation]
 15470 | Lair:3   | Lost mutation: Your system is resistant to poisons. (rPois) [potion of mutation]
 15470 | Lair:3   | Lost mutation: Your body sometimes deteriorates upon taking damage. [potion of mutation]
 15470 | Lair:3   | Gained mutation: Armour fits poorly on your strangely shaped body. [potion of mutation]
 15470 | Lair:3   | Gained mutation: Your mind is acute. (Int +2) [potion of mutation]
 15470 | Lair:3   | Gained mutation: Your muscles are strong. (Str +2) [potion of mutation]
 15813 | Lair:3   | Slain by a manticore

Skill      XL: |  1  2  3  4  5  6  7  8  9 10 11 12 |
---------------+-------------------------------------+-----
Long Blades    | 3 |  3.2
Maces & Flails | 1 2 3 4 6 8 10 12 | 12.7
Armour         | 2 6 9 10 | 10.0
Fighting       | 4 7 10 11 | 11.4
Dodging        | |  1.7

Action                   |  1- 3 |  4- 6 |  7- 9 | 10-12 || total
-------------------------+-------+-------+-------+-------++-------
Melee: Falchion          |    14 |       |       |       ||    14
       Mace              |    86 |    40 |       |       ||   126
       Unarmed           |    17 |       |       |       ||    17
       Kick              |    31 |    51 |   102 |   234 ||   418
       Flail             |       |   140 |   295 |       ||   435
       Whip              |       |       |    50 |   613 ||   663
       Morningstar       |       |       |     7 |       ||     7
       Headbutt          |       |       |       |   109 ||   109
       Great mace        |       |       |       |    18 ||    18
Invok: Berserk           |       |     3 |     3 |     6 ||    12
       Trog's Hand       |       |     1 |       |     1 ||     2
       Burn Spellbooks   |       |       |       |     3 ||     3
  Use: Potion            |       |     2 |     8 |     1 ||    11
       Scroll            |       |       |       |     7 ||     7
 Stab: Sleeping          |     1 |       |       |       ||     1
  Eat: Chunk             |     4 |    10 |    20 |    34 ||    68
       Fruit             |       |       |     3 |     2 ||     5
       Bread ration      |       |       |     1 |       ||     1
Armor: Animal skin       |     7 |       |       |       ||     7
       Robe              |    18 |    43 |    53 |       ||   114
       Plate armour      |       |       |   103 |   292 ||   395
Dodge: Dodged            |    84 |   118 |   154 |   135 ||   491
       Rpst.: Falchion   |     7 |       |       |       ||     7
